 Dungeon Crawl Stone Soup version 0.21.1-1-g345015f (webtiles) character file.

6929 Ninn the Unseen (level 11, -9/60 HPs)
             Began as a Kobold Assassin on May 5, 2018.
             Was a Believer of Uskayaw.
             Killed by divine providence
             ... invoked by an orc priest
             ... led by an orc warlord
              (15 damage)
             ... on level 1 of the Orcish Mines.
             The game lasted 00:51:56 (11636 turns).

Ninn the Unseen (Kobold Assassin)                  Turns: 11636, Time: 00:51:57

Health: -9/60      AC:  8    Str:  8    XL:     11   Next: 27%
Magic:  13/16      EV: 15    Int: 14    God:    Uskayaw [**....]
Gold:   548        SH:  0    Dex: 19    Spells: 7/10 levels left

rFire    . . .     SeeInvis .   b - +2 rapier (venom)
rCold    + . .     Gourm    .   (shield restricted)
rNeg     . . .     Faith    .   A - +0 steam dragon scales
rPois    +         Spirit   .   w - +0 helmet (curse)
rElec    .         Reflect  .   U - +0 cloak {MR+}
rCorr    .         Harm     .   D - +0 pair of gloves
MR       +....                  (no boots)
Stlth    ++++++....             f - amulet of magic regeneration
HPRegen  0.20/turn              y - ring of poison resistance
MPRegen  0.40/turn              F - ring of protection from cold

@: hasted, very quick
A: small, carnivore
a: Stomp, Line Pass, Renounce Religion


You were on level 1 of the Orcish Mines.
You worshipped Uskayaw.
Uskayaw was noncommittal.
You were very full.

You visited 4 branches of the dungeon, and saw 12 of its levels.

You collected 548 gold pieces.

Inventory:

Hand Weapons
 a - a +2 dagger
 b - a +2 rapier of venom (weapon)
 c - a +0 blowgun
 v - a +4 dagger of draining
 C - a +0 long sword
 T - a +0 short sword of holy wrath
Missiles
 e - 19 poisoned needles
 Z - 8 needles of frenzy
Armour
 d - a +0 cloak
 s - a +0 animal skin
 w - a cursed +0 helmet (worn)
 A - +0 steam dragon scales (worn)
 D - a +0 pair of gloves (worn)
 R - a +0 robe
 U - a +0 cloak of magic resistance (worn)
Magical Staves
 X - an uncursed staff of poison
Jewellery
 f - an amulet of magic regeneration (around neck)
 o - an uncursed ring of flight
 y - a ring of poison resistance (left hand)
 F - a ring of protection from cold (right hand)
Wands
 m - a wand of digging (14)
 M - a wand of polymorph (23)
 P - a wand of random effects (17)
 S - a wand of enslavement (7)
 Y - a wand of flame (19)
Scrolls
 h - a scroll of immolation
 j - a scroll of noise {unknown}
 n - 5 scrolls of teleportation
 x - a scroll of amnesia {unknown}
 z - 2 scrolls of magic mapping {unknown}
 B - 4 scrolls of remove curse
 G - 2 scrolls of fog {unknown}
 J - a scroll of acquirement {unknown}
 L - a scroll of fear {unknown}
 N - a scroll of enchant weapon {unknown}
 V - a scroll of enchant armour {unknown}
Potions
 k - a potion of haste
 l - 2 potions of agility
 p - a potion of cancellation {unknown}
 q - 2 potions of resistance
 r - a potion of mutation {unknown}
 t - a potion of berserk rage {unknown}
 u - 2 potions of brilliance {unknown}
 E - 2 potions of ambrosia {unknown}
 H - a potion of lignification {unknown}
 I - a potion of curing {unknown}
 K - a potion of invisibility {unknown}
 O - a potion of magic
Books
 Q - a book of Misfortune

   Spells                             Type                      Level
   a - Confusing Touch                Hexes                        1
   b - Confuse                        Hexes                        3
   c - Gell's Gravitas                Translocation                3
   d - Petrify                        Transmutation/Earth          4
   e - Metabolic Englaciation         Hexes/Ice                    5
   f - Yara's Violent Unravelling     Hexes/Transmutation          5
 W - a book of Conjurations

   Spells                             Type                      Level
   a - Magic Dart                     Conjuration                  1
   b - Searing Ray                    Conjuration                  2
   c - Dazzling Spray                 Conjuration/Hexes            3
   d - Fulminant Prism                Conjuration/Hexes            4
   e - Force Lance                    Conjuration/Translocation    4
   f - Iskenderun's Mystic Blast      Conjuration                  4
Comestibles
 g - 22 rations


   Skills:
 + Level 3.6 Fighting
 + Level 11.9(12.1) Short Blades
 - Level 1.9(5.3) Long Blades
 - Level 4.3 Throwing
 + Level 2.1 Dodging
 * Level 15.3 Stealth
 * Level 0.6 Hexes
 + Level 7.2 Invocations


You had 7 spell levels left.
You knew the following spells:

 Your Spells              Type           Power        Failure   Level  Hunger
a - Confuse               Hex            #.......     56%         3    ####...


Dungeon Overview and Level Annotations

Branches:
Dungeon (9/15)             Temple (1/1) D:4            Lair (1/6) D:9
    Orc (1/2) D:9

Altars:
Ashenzari
Cheibriados
Dithmenos
Elyvilon
Fedhas
Gozag
Hepliaklqana
Kikubaaqudgha
Makhleb
Okawaru
Qazlal
Ru
Sif Muna
Trog
Uskayaw
Vehumet
Wu Jian
Xom
Yredelemnul
Zin
The Shining One

Shops:
D:7 (

Annotations:
D:8 t7DKbSm's ghost, novice MiFi
D:9 Erolcha


Innate Abilities, Weirdness & Mutations

You are small and have problems with some larger weapons.
You are carnivorous and can eat meat at any time.


Message History

An orc warlord comes into view. It is wielding a great sword.
The orc warlord shouts!
You hear a shout! x2
The orc warlord roars a battlecry!
The orcs go into a battle-frenzy!
There is a staircase back to the Dungeon, spattered with blood here.
You stomp with the beat, sending a shockwave through the revelers around you!
The orc warrior is heavily wounded.
You feel somewhat less full.
You can no longer pass through a line of other dancers.
The orc warlord moves out of view.
The orc warrior hits you with a trident!!
Ouch! That really hurt!
* * * LOW HITPOINT WARNING * * *
The orc shouts!
You can now pass through a line of other dancers.
An orc comes into view. It is wielding a short sword.
You feel yourself speed up.
The orc priest mumbles some strange prayers to Beogh against you.
Beogh smites you!
You die...

## #. #.###
##.o@# #..o##
#.....o.#
#.........#
#.....#....#
#...##.#o...#
#... o ....#
### o ..o##
.# o.#o


You could see 2 orc warriors, an orc priest and 2 orcs.

Vanquished Creatures
  3 two-headed ogres
  Pikel (D:5)
  The ghost of TotoDurand the Skirmisher, a novice DrBe of Trog (D:7)
  Maurice (D:8)
  Prince Ribbit (D:5)
  Grinder (D:5)
  2 wyverns (D:9)
  5 orc warriors
  A sky beast (D:9)
  A black bear (D:7)
  An ice beast (D:8)
  3 phantoms
  2 ogres
  A crocodile (Lair:1)
  2 centaurs
  Blork the orc (D:5)
  4 bullfrogs (D:8)
  6 crimson imps
  4 hounds
  A jelly (D:7)
  4 orc priests
  A bullfrog skeleton (D:9)
  A centaur skeleton (D:5)
  2 iguanas
  Natasha (thrice) (D:2)
  6 orc wizards
  10 worker ants
  A hound zombie (D:5)
  A worker ant zombie (D:6)
  4 gnolls
  6 adders
  3 shadow imps (D:8)
  An adder skeleton (D:4)
  4 worms
  2 dart slugs (D:2)
  7 leopard geckos
  28 orcs
  5 bats
  5 giant cockroaches
  7 goblins
  5 hobgoblins
  9 jackals
  6 kobolds
  2 quokkas
  8 frilled lizards
  A quokka skeleton (D:5)
  5 rats
  A spectral orc (D:6)
180 creatures vanquished.

Vanquished Creatures (others)
  A slave (D:5)
  2 plants (D:8)
3 creatures vanquished.

Grand Total: 183 creatures vanquished

Notes
Turn   | Place    | Note
-------+----------+-------------------------------------------
     0 | D:1      | Ninn the Kobold Assassin began the quest for the Orb.
     0 | D:1      | Reached XP level 1. HP: 12/12 MP: 1/1
    40 | D:1      | Reached skill level 6 in Stealth
    40 | D:1      | Reached XP level 2. HP: 17/17 MP: 2/2
   151 | D:1      | Reached XP level 3. HP: 21/21 MP: 3/3
   665 | D:2      | Noticed Natasha
   669 | D:2      | Killed Natasha
   669 | D:2      | Reached skill level 7 in Stealth
   669 | D:2      | Reached XP level 4. HP: 26/26 MP: 4/4
   930 | D:2      | Noticed Natasha
   939 | D:2      | Killed Natasha
   968 | D:2      | Noticed Natasha
   979 | D:2      | Killed Natasha
   979 | D:2      | Reached skill level 8 in Stealth
   979 | D:2      | Reached XP level 5. HP: 22/30 MP: 5/5
  1151 | D:2      | Found a shattered altar of Ashenzari.
  1340 | D:2      | Found a bloodstained altar of Trog.
  1793 | D:3      | Found a white marble altar of Elyvilon.
  1899 | D:3      | Found a glowing golden altar of the Shining One.
  2523 | D:4      | Reached XP level 6. HP: 32/35 MP: 6/6
  2692 | D:4      | Reached skill level 9 in Stealth
  3226 | D:4      | Found an iron altar of Okawaru.
  3319 | D:4      | Noticed a phantom
  3324 | D:4      | Killed a phantom
  3324 | D:4      | Reached skill level 5 in Short Blades
  3367 | D:4      | Reached XP level 7. HP: 40/40 MP: 7/7
  3621 | D:4      | Found a staircase to the Ecumenical Temple.
  3630 | Temple   | Entered the Ecumenical Temple
  3668 | Temple   | Became a worshipper of Uskayaw the Reveler
  3877 | D:5      | Entered Level 5 of the Dungeon
  3878 | D:5      | Reached * piety under Uskayaw
  3971 | D:5      | Reached skill level 10 in Stealth
  3989 | D:5      | Reached ** piety under Uskayaw
  4306 | D:5      | Reached skill level 1 in Invocations
  4517 | D:5      | Noticed Prince Ribbit
  4538 | D:5      | Killed Prince Ribbit
  4538 | D:5      | Reached XP level 8. HP: 41/44 MP: 7/9
  4623 | D:5      | Noticed Grinder
  4640 | D:5      | Killed Grinder
  4640 | D:5      | Reached skill level 1 in Long Blades
  4640 | D:5      | Reached skill level 11 in Stealth
  4643 | D:5      | Reached *** piety under Uskayaw
  4646 | D:5      | Reached **** piety under Uskayaw
  4969 | D:5      | Noticed Pikel
  5002 | D:5      | Noticed Blork the orc
  5011 | D:5      | Killed Pikel
  5011 | D:5      | Reached skill level 12 in Stealth
  5011 | D:5      | Reached XP level 9. HP: 20/48 MP: 11/11
  5532 | D:5      | Killed Blork the orc
  5561 | D:6      | Found a glowing silver altar of Zin.
  5562 | D:6      | Found a sacrificial altar of Ru.
  5563 | D:6      | Found a burning altar of Makhleb.
  5563 | D:6      | Found a radiant altar of Vehumet.
  5564 | D:6      | Found a snail-covered altar of Cheibriados.
  5642 | D:6      | Found a sacrificial altar of Ru.
  5706 | D:6      | Found a basalt altar of Yredelemnul.
  6575 | D:7      | Found Deitoh's Antique Weapon Boutique.
  6738 | D:8      | Found an iron altar of Okawaru.
  7076 | D:7      | Noticed TotoDurand's ghost (novice DrBe)
  7120 | D:7      | Killed TotoDurand's ghost
  7120 | D:7      | Reached skill level 5 in Invocations
  7345 | D:7      | Reached skill level 13 in Stealth
  7345 | D:7      | Reached XP level 10. HP: 43/53 MP: 13/13
  7714 | D:8      | Noticed a two-headed ogre
  7722 | D:8      | Killed a two-headed ogre
  7722 | D:8      | Reached skill level 10 in Short Blades
  8102 | D:8      | Noticed Maurice
  8106 | D:8      | Killed Maurice
  8106 | D:8      | Reached skill level 14 in Stealth
  8214 | D:8      | Noticed t7DKbSm's ghost (novice MiFi)
  9312 | D:8      | Noticed a three-headed hydra
  9480 | D:9      | Found a staircase to the Lair.
  9492 | Lair:1   | Entered Level 1 of the Lair of Beasts
  9675 | Lair:1   | Noticed a four-headed hydra
  9902 | D:9      | Noticed a two-headed ogre
 10103 | D:9      | HP: 2/53 [two-headed ogre/dire flail (14)]
 10157 | D:9      | Killed a two-headed ogre
 10396 | D:9      | Noticed a two-headed ogre
 10401 | D:9      | Killed a two-headed ogre
 10401 | D:9      | Reached XP level 11. HP: 60/60 MP: 16/16
 10759 | D:9      | Reached skill level 15 in Stealth
 10921 | D:9      | HP: 2/60 [wyvern (14)]
 11254 | D:9      | Learned a level 3 spell: Confuse
 11350 | D:9      | Noticed Erolcha
 11380 | D:9      | Found an ancient bone altar of Kikubaaqudgha.
 11587 | D:9      | Found a staircase to the Orcish Mines.
 11606 | Orc:1    | Entered Level 1 of the Orcish Mines
 11624 | Orc:1    | HP: 1/60 [orc warrior/trident (9)]
 11634 | Orc:1    | Noticed an orc warlord
 11636 | Orc:1    | Killed from afar by an orc priest

Skill      XL: |  1  2  3  4  5  6  7  8  9 10 11 |
---------------+----------------------------------+-----
Stealth        | 6 7 8 9 10 12 13 14 15 | 15.3
Short Blades   | 3 4 5 6 8 9 11 | 11.9
Throwing       | 3 4 |  4.3
Invocations    | 2 3 5 7 |  7.2
Long Blades    | 1 |  1.9
Fighting       | 3 |  3.6
Dodging        | 2 |  2.1
Hexes          | |  0.6

Action                   |  1- 3 |  4- 6 |  7- 9 | 10-12 || total
-------------------------+-------+-------+-------+-------++-------
Melee: Dagger            |    32 |   136 |   366 |    69 ||   603
       Long sword        |       |       |     7 |       ||     7
       Rapier            |       |       |       |   185 ||   185
 Fire: Blowgun           |     3 |    26 |    25 |    13 ||    67
Invok: Line Pass         |       |       |     3 |     1 ||     4
       Stomp             |       |       |     6 |     8 ||    14
  Use: Scroll            |       |     6 |     2 |     6 ||    14
       Potion            |       |       |     3 |     3 ||     6
 Stab: Sleeping          |     8 |    27 |    14 |    10 ||    59
       Distracted        |       |     1 |     2 |     2 ||     5
       Paralysed         |       |       |     1 |     4 ||     5
       Confused          |       |       |       |     1 ||     1
  Eat: Chunk             |       |    15 |     9 |    19 ||    43
Armor: Robe              |     3 |     6 |       |       ||     9
       Animal skin       |       |     8 |       |       ||     8
       Steam dragon scal |       |     1 |    50 |    44 ||    95
Dodge: Dodged            |    19 |    65 |   171 |   135 ||   390
       Rpst.: Long sword |       |       |     2 |       ||     2
